 Dungeon Crawl Stone Soup version 0.27-a0-1272-g7c8ad2e407 (webtiles) character file.

Game seed: 15288922833806172490

177 Bnni the Chiller (level 5, -15/34 HPs)
             Began as an Octopode Ice Elementalist on June 11, 2021.
             Demolished by an ogre
             ... wielding a +0 giant spiked club
              (17 damage)
             ... on level 3 of the Dungeon.
             The game lasted 00:12:19 (2641 turns).

Bnni the Chiller (Octopode Ice Elementalist)        Turns: 2641, Time: 00:12:20

Health: -15/34     AC:  1    Str:  7    XL:     5   Next: 57%
Magic:  9/9        EV: 13    Int: 19    God:
Gold:   90         SH:  0    Dex: 12    Spells: 6/10 levels left

rFire    . . .     SeeInvis .   b - +1 dagger
rCold    . . .     Faith    .   (no shield)
rNeg     + . .     Spirit   .   (helmet restricted)
rPois    .         Reflect  .   h - amulet of magic regeneration
rElec    .         Harm     .   a - ring of willpower
rCorr    .         Rampage  .   g - ring of positive energy
Will     +....                  (no ring)
Stlth    +++.......             (no ring)
HPRegen  0.11/turn              (no ring)
MPRegen  0.36/turn              (no ring)
                                (no ring)
                                (no ring)

@: no status effects
A: almost no armour, amphibious, 8 rings, camouflage 1, gelatinous body 1,
(nimble swimmer 1), tentacles
a: no special abilities


You were on level 3 of the Dungeon.
You visited 1 branch of the dungeon, and saw 3 of its levels.

You collected 90 gold pieces.

Inventory:

Hand Weapons
 b - a +1 dagger (weapon)
Jewellery
 a - a ring of willpower (left tentacle)
 g - a ring of positive energy (right tentacle)
 h - an amulet of magic regeneration (around mantle)
Scrolls
 d - a scroll of enchant weapon
 j - a scroll of teleportation
Potions
 c - a potion of might
 f - a potion of cancellation {unknown}
 i - 2 potions of brilliance
 l - a potion of heal wounds {unknown}
 m - a potion of haste {unknown}


   Skills:
 + Level 2.2 Fighting
 - Level 2.0 Dodging
 - Level 2.6 Stealth
 + Level 3.0 Spellcasting
 * Level 5.5 Ice Magic


You had 6 spell levels left.
You knew the following spells:

 Your Spells              Type           Power      Damage    Failure   Level
a - Freeze                Ice            92%        1d10      1%          1
b - Frozen Ramparts       Ice            46%        1d6       4%          3

Your spell library contained the following spells:

 Spells                   Type           Power      Damage    Failure   Level
 Ozocubu's Armour         Ice            23%        N/A       4%          3
 Animate Skeleton         Necr           4%         N/A       16%         1
 Pain                     Necr           8%         1d4       16%         1
 Vampiric Draining        Necr           1%         2d6       41%         3
 Hailstorm                Conj/Ice       13%        3d5       43%         4
 Metabolic Englaciation   Hex/Ice        6%         N/A       80%         5
 Animate Dead             Necr           1%         N/A       83%         4
 Agony                    Necr           2%         N/A       99%         5


Dungeon Overview and Level Annotations

Branches:
Dungeon (3/15)

Altars:

Shops:
D:1 ?


Innate Abilities, Weirdness & Mutations

You cannot wear most types of armour.
You are amphibious.
You can wear up to eight rings at the same time.
Your skin changes colour to match your surroundings (Stealth+).
Your rubbery body absorbs attacks. (AC +1, EV +1)
((You are camouflaged near water. (Stealth+)))
You have tentacles for arms and can constrict up to eight enemies at once.


Message History

Okay, then.
Your surroundings suddenly seem different.
There is a stone staircase leading down here.
You climb downwards.
Found a hand axe.
There is a stone staircase leading up here.
You see here a +0 hand axe.
A hobgoblin comes into view.
The helpless hobgoblin fails to defend itself.
You puncture the hobgoblin!
You kill the hobgoblin!
Found a stone staircase leading up.
You open the door.
There is an open door here.
There is an open door here.
You open the door.
There is an open door here.
Found 9 gold pieces.
You aren't carrying any items that you can evoke.
The ogre shouts!
The ogre misses you.
Casting: Frozen Ramparts (dangerous; 4% risk of failure)
Confirm with . or Enter, or press ? or * to list all spells.
Aiming: Freeze (safe; 1% risk of failure)
Press: ? - help, Shift-Dir - straight line, f - ogre
Aim: an ogre, wielding a +0 giant spiked club You freeze the ogre.
The ogre is lightly wounded.
The ogre hits you with a +0 giant spiked club!!
Ouch! That really hurt!
An orc comes into view. It is wielding a +0 short sword.
The orc moves out of view.
The orc shouts!
The ogre hits you with a +0 giant spiked club!
* * * LOW HITPOINT WARNING * * *
There is an open door here.
There is a stone staircase leading up here.
The ogre hits you with a +0 giant spiked club!
Ouch! That really hurt!
You die...

#.$....#######.....##
#..........o.'.....'.
#......o######.....#.
#....................
#......#.............
######.#.o#...............
#....#+#..#+#.............
#........O................
#........@................
#.......#.................
####....+.#+#.............
#....##. ..............
#....##.>..............
#.....#................
#######...##... .......
#...##....# ##.. .......
#...##....# ......)


You could see an ogre and an orc.

Vanquished Creatures
  An orc priest (D:3)
  An iguana (D:2)
  An orc wizard (D:3)
  3 adders (D:2)
  3 dart slugs
  4 orcs (D:3)
  4 endoplasms
  3 giant cockroaches
  9 goblins
  3 hobgoblins
  4 jackals (D:1)
  5 quokkas
  2 ball pythons
  4 bats
  2 frilled lizards
  3 kobolds
  7 rats
59 creatures vanquished.

Vanquished Creatures (others)
  4 plants (D:3)
4 creatures vanquished.

Grand Total: 63 creatures vanquished

Notes
Turn   | Place    | Note
-------+----------+-------------------------------------------
     0 | D:1      | Bnni the Octopode Ice Elementalist began the quest for the
                  | Orb.
     0 | D:1      | Reached XP level 1. HP: 11/11 MP: 3/3
   127 | D:1      | Reached XP level 2. HP: 11/18 MP: 3/5
   547 | D:1      | Reached skill level 1 in Fighting
   664 | D:1      | Found Eqawil's Magic Scroll Emporium.
   676 | D:1      | Reached XP level 3. HP: 20/23 MP: 6/6
   898 | D:1      | Learned a level 3 spell: Frozen Ramparts
  1205 | D:2      | You fall into a shaft and drop 1 floor!
  1228 | D:3      | Reached skill level 5 in Ice Magic
  1228 | D:3      | Reached XP level 4. HP: 13/29 MP: 3/8
  1538 | D:3      | Reached XP level 5. HP: 34/34 MP: 9/9
  1760 | D:3      | Noticed an ogre
  2079 | D:2      | Found a faded altar of an unknown god.
  2627 | D:3      | HP: 1/34 [ogre/+0 giant spiked club (15)]
  2641 | D:3      | Demolished by an ogre

Illustrated notes

Levels and vault maps discovered:
D:1:      kennysheep_arrival_forest, layout_rooms, serial_shops,
          nicolae_shop_crystal
D:2:      layout_rooms, hellmonk_ecumenical_altar_leap_of_faith
D:3:      layout_basic, serial_bayou, serial_bayou_shore_b, serial_bayou_pond_a,
          serial_bayou_lake_a, serial_bayou_crossing, nrook_mini_backslash,
          chequers_mini_garden, uniq_sigmund

Skill      XL: |  1  2  3  4  5 |
---------------+----------------+-----
Fighting       | 1 2 |  2.2
Ice Magic      | 5 |  5.5
Spellcasting   | 3 |  3.0
Dodging        | |  2.0
Stealth        | |  2.6

Action                   |  1- 3 |  4- 6 || total
-------------------------+-------+-------++-------
Melee: Unarmed           |    31 |       ||    31
       Tentacles         |     7 |     4 ||    11
       Constrict         |    14 |    10 ||    24
       Dagger            |    33 |    40 ||    73
 Cast: Freeze            |    17 |     8 ||    25
       Frozen Ramparts   |     1 |     1 ||     2
  Use: Scroll            |       |     5 ||     5
 Stab: Sleeping          |     8 |     5 ||    13
       Distracted        |     1 |       ||     1
Armor: Skin              |     6 |     4 ||    10
Dodge: Dodged            |    54 |    24 ||    78

Table legend: (Time is in decaauts)
 A = Elapsed time spent in this place.
 B = Non-inter-level travel time spent in this place.
 C = Inter-level travel time spent in this place.
 D = Time resting spent in this place.
 E = Time spent auto-exploring this place.
 F = Levels seen in this place.
 G = Mean time per level.
                   A        B        C        D        E       F      G
               +--------+--------+--------+--------+--------+-----+--------+
         Total |   2640 |   2573 |     67 |    300 |   1841 |   3 |  880.0 |
       Dungeon |   2640 |   2573 |     67 |    300 |   1841 |   3 |  880.0 |
               +--------+--------+--------+--------+--------+-----+--------+

Top non-repeatable levels by time:
     D:1: 930 daAuts
     D:2: 908 daAuts
     D:3: 801 daAuts
